Description

I wanted a good super eco bo in PvT and found this looks good

VOD

https://youtu.be/urIr4wMUNpY?t=2580

Replay - TSGTYTY v Zest - Eternal Empire LE

Build Order

Get SALT Encoding   

  14  0:17  Pylon  
  15  0:36  Gateway  
  16  0:45  Assimilator  
  20  1:22  Nexus  
  20  1:33  Cybernetics Core  
  21  1:40  Assimilator  
  23  2:06  Adept (Chrono Boost)  
  23  2:11  Twilight Council  
  23  2:12  Warp Gate  
  26  2:29  Stalker  
  31  2:44  Blink (Chrono Boost)  
  34  3:01  Stalker  
  38  3:18  Gateway  
  40  3:22  Robotics Facility  
  41  3:32  Pylon  
  45  3:54  Nexus  
  46  4:01  Sentry  
  49  4:05  Assimilator  
  49  4:08  Pylon x2  
  50  4:14  Observer (Chrono Boost)  
  53  4:24  Assimilator  
  54  4:27  Observer (Chrono Boost)  
  55  4:30  Action  Blink done!
  55  4:34  Stalker x2  
  62  4:47  Robotics Bay  
  63  4:57  Immortal  
  69  5:19  Stalker x2  
  76  5:23  Shield Battery  at 3rd
  78  5:28  Forge  
  78  5:33  Gateway x2  
  79  5:37  Colossus (Chrono Boost)  
  85  5:47  Extended Thermal Lance  
  88  5:56  Forge  
  88  6:01  Gateway x2  
  88  6:21  Colossus (Chrono Boost)  
  90  6:28  Protoss Ground Weapons Level 1 (Chrono Boost), Protoss Ground Armor Level 1 (Chrono Boost)  
  90  6:29  Stalker x3  
  99  6:50  Sentry  
  101  6:54  Photon Cannon  at natural
  101  6:56  Zealot x3  
  107  7:01  Assimilator x2  
  109  7:26  Warp Prism  
  114  7:31  Charge  
  114  7:34  Stalker  
  118  7:54  Gateway x4  
  118  7:59  Gravitic Drive  
  118  8:01  Warp Prism  
  128  8:13  Nexus, Protoss Ground Armor Level 2 (Chrono Boost)  
  128  8:23  Protoss Ground Weapons Level 2 (Chrono Boost)  
  128  8:28  Zealot x3  
  138  8:58  Zealot x4  
  154  9:11  Gravitic Boosters  
  118  9:53  Warp Prism (Chrono Boost)  
Spawning Tool Build Advisor. Get it on Overwolf

Go to:

Details

  • Created by: Hindrance
  • Published on: Feb 18, 2020
  • Modified on: Feb 18, 2020
  • Patch: 4.11.0
Show
View Real Time Build Order
Export as new Build Order

Comments (0)

There are no comments. Be the first!

Create an account to comment!